 Dungeon Crawl Stone Soup version 0.23-a0-85-g22930c1 (webtiles) character file.

19 Amnesiac the Magician (level 2, 19/19 HPs)
             Began as a Mummy Wanderer on Aug 14, 2018.
             Quit the game on level 1 of the Dungeon.
             The game lasted 00:02:14 (1253 turns).

Amnesiac the Magician (Mummy Wanderer)              Turns: 1253, Time: 00:02:15

Health: 19/19      AC:  2    Str: 16    XL:     2   Next: 55%
Magic:  6/6        EV: 11    Int: 10    God:
Gold:   0          SH:  0    Dex: 11    Spells: 4/7 levels left

rFire    x . .     SeeInvis .   b - +0 rapier
rCold    + . .     Gourm    .   (no shield)
rNeg     + + +     Faith    .   d - +0 robe
rPois    ∞         Spirit   .   (no helmet)
rElec    .         Reflect  .   (no cloak)
rCorr    .         Harm     .   (no gloves)
MR       .....                  (no boots)
Stlth    ++........             (no amulet)
HPRegen  0.06/turn              (no ring)
MPRegen  0.10/turn              (no ring)

@: no status effects
A: no food or potions, fire vulnerability, cold resistance 1, negative energy
resistance 3, torment resistance, unbreathing
a: no special abilities


You were on level 1 of the Dungeon.
You were not hungry.

You visited 1 branch of the dungeon, and saw 4 of its levels.

Inventory:

Hand Weapons
 b - a +0 rapier (weapon)
Missiles
 c - 9 arrows
Armour
 d - a +0 robe (worn)
Scrolls
 a - a scroll of teleportation {!r, unknown}


   Skills:
 - Level 1.5 Stealth
 + Level 3.3 Spellcasting
 - Level 2.4 Transmutations
 - Level 3.2 Fire Magic


You had 4 spell levels left.
You knew the following spells:

 Your Spells              Type           Power        Failure   Level  Hunger
a - Flame Tongue          Conj/Fire      #....        14%         1    N/A
b - Sticks to Snakes      Tmut           #.......     16%         2    N/A

Your spell library contained the following spells:

 Spells                   Type           Power        Failure   Level  Hunger
 Conjure Flame            Conj/Fire      #.......     38%         3    N/A
 Summon Small Mammal      Summ           #...         28%         1    N/A
 Recall                   Summ/Tloc      N/A          63%         3    N/A
 Spider Form              Tmut/Pois      #.........   45%         3    N/A
 Blade Hands              Tmut           #.........   96%         5    N/A
 Ice Form                 Ice/Tmut       #.......     86%         4    N/A
 Beastly Appendage        Tmut           #.....       11%         1    N/A

Dungeon Overview and Level Annotations

Branches:
Dungeon (4/15)
 Temple: D:4-7

Altars:

Annotations:
D:4 Pikel


Innate Abilities, Weirdness & Mutations

You do not eat or drink.
Your flesh is vulnerable to fire.
You are immune to poison.
Your flesh is cold resistant. (rC+)
You are immune to negative energy. (rN+++)
You are immune to unholy pain and torment.
You can survive without breathing.


Message History

You can't see any susceptible monsters within range! (Use Z to cast anyway.)
Casting: Flame Tongue (safe; 14% risk of failure)
Confirm with . or Enter, or press ? or * to list all spells.
Aiming: Flame Tongue (safe; 14% risk of failure)
Press: ? - help, Shift-Dir - straight line, f - hobgoblin
Aim: a hobgoblin, wielding a club The flame tongue hits the hobgoblin.
The hobgoblin is moderately wounded.
Casting: Flame Tongue (safe; 14% risk of failure)
Confirm with . or Enter, or press ? or * to list all spells.
Aiming: Flame Tongue (safe; 14% risk of failure)
Press: ? - help, Shift-Dir - straight line, f/p - hobgoblin
Aim: a hobgoblin, wielding a club (moderately wounded)
You miscast Flame Tongue.
Nothing appears to happen.
The hobgoblin barely misses you.
Casting: Flame Tongue (safe; 14% risk of failure)
Confirm with . or Enter, or press ? or * to list all spells.
Aiming: Flame Tongue (safe; 14% risk of failure)
Press: ? - help, Shift-Dir - straight line, f/p - hobgoblin
Aim: a hobgoblin, wielding a club (moderately wounded)
The flame tongue hits the hobgoblin.
The hobgoblin appears unharmed.
The hobgoblin is moderately wounded.
Casting: Flame Tongue (safe; 14% risk of failure)
Confirm with . or Enter, or press ? or * to list all spells.
Aiming: Flame Tongue (safe; 14% risk of failure)
Press: ? - help, Shift-Dir - straight line, f/p - hobgoblin
Aim: a hobgoblin, wielding a club (moderately wounded)
The flame tongue hits the hobgoblin.
You kill the hobgoblin!
The goblin closely misses you.
Casting: Flame Tongue (safe; 14% risk of failure)
Confirm with . or Enter, or press ? or * to list all spells.
You don't have enough magic to cast that spell.
You hit the goblin.
The goblin is moderately wounded.
The goblin closely misses you.
Casting: Flame Tongue (safe; 14% risk of failure)
Confirm with . or Enter, or press ? or * to list all spells.
You don't have enough magic to cast that spell.
You hit the goblin.
You kill the goblin!
Casting: Flame Tongue (safe; 14% risk of failure)
Confirm with . or Enter, or press ? or * to list all spells.
You don't have enough magic to cast that spell.
No target in view!
Things that are here:
a dagger; a goblin corpse
Things that are here:
a club; a hobgoblin corpse
c - 9 arrows
(D) Dungeon
Where to? (Enter - D:1 @ (x,y), ? - help) You're already here!
Things that are here:
a club; a hobgoblin corpse
Things that are here:
a dagger; a goblin corpse
There is an open door here.
Your magical contamination has completely faded away.
There is an open door here.
Magic restored.
You see here a silvery potion {!q}.
There is a stone staircase leading down here.
Are you sure you want to abandon this character and quit the game? (Confirm with "yes".)

#.# #.# #.# #%#
##.# ..# # #
########.##.#.##
....).÷÷@....... #
########.##.#.##
#.#####..........#
#.......#####.####
####....### #.#
#....#)###.#
#........#.#
#....#.###.#
#....#.# #.#


There were no monsters in sight!

Vanquished Creatures
  A dart slug (D:1)
  A leopard gecko (D:3)
  An orc (D:3)
  3 goblins (D:1)
  4 hobgoblins
  A kobold (D:3)
  A bat (D:2)
  2 frilled lizards
14 creatures vanquished.

Notes
Turn   | Place    | Note
-------+----------+-------------------------------------------
     0 | D:1      | Amnesiac the Mummy Wanderer began the quest for the Orb.
     0 | D:1      | Amnesiac set off with: a +0 robe, a +0 club, a +0 dagger
     0 | D:1      | Reached XP level 1. HP: 13/13 MP: 2/2
   602 | D:3      | Learned a level 1 spell: Flame Tongue
   757 | D:4      | Noticed Pikel
   757 | D:4      | Noticed a slave
   757 | D:4      | Noticed a slave
   758 | D:4      | Noticed a slave
   758 | D:4      | Noticed a slave
   800 | D:3      | Reached XP level 2. HP: 19/19 MP: 1/5
   804 | D:3      | Learned a level 2 spell: Sticks to Snakes
  1253 | D:1      | Quit the game

Vault maps used:
D:1:      mrwooster_arrival_arrow, feat_on_display
D:2:      first_ration, okawaru_trees_1
D:3:      serial_bayou_pond_b, st_stairs_10
D:4:      kennysheep_goblin_castle, minmay_temple_entry_junction,
          uniq_blork_the_orc, uniq_pikel

Skill      XL: |  1  2 |
---------------+-------+-----
Spellcasting   | 2 3 |  3.3
Stealth        | |  1.5
Transmutations | |  2.4
Fire Magic     | |  3.2

Action                   || total
-------------------------++-------
Melee: Club              ||    34
       Rapier            ||     6
 Cast: Flame Tongue      ||    16
Armor: Robe              ||    15
Dodge: Dodged            ||    31

Table legend:
 A = Non-vault XP
 B = Vault XP
 C = Vault XP percentage of total XP
 D = Non-vault monster count
 E = Vault monster count
 F = Vault count percentage of total count
 G = Total turns spent on level
                 A         B        C        D         E       F
            +---------+---------+-------+---------+---------+-------
      Total |      23 |       5 |  17.9 |      12 |       2 |  14.3
            +---------+---------+-------+---------+---------+-------
        D:1 |      15 |       0 |   0.0 |       7 |       0 |   0.0
        D:2 |       2 |       0 |   0.0 |       2 |       0 |   0.0
        D:3 |       6 |       5 |  45.5 |       3 |       2 |  40.0
            +---------+---------+-------+---------+---------+-------
